Map: Catalyst LE

Players

PockyStix

  • Race: Terran Terran
  • League: Gold
  • Spawn Location: 5:00

Eudai - Winner!

  • Race: Zerg Zerg
  • League: Platinum
  • Spawn Location: 11:00

VOD

Have the link to the VOD?

Description

Time

  • Played on: Jan. 2, 2018, 9:25 p.m.
  • Length: 19:58
Show
View Real Time Build Order
Export as new Build Order

PockyStix Terran 

Build Orders: Bio Tank 

Get SALT Encoding   

  12  0:01  SCV  
  13  0:13  SCV  
  14  0:18  Supply Depot  
  14  0:25  SCV  
  15  0:34  Refinery  
  15  0:40  SCV  
  16  0:47  Barracks  
  16  0:52  SCV  
  17  1:04  SCV  
  18  1:16  SCV  
  19  1:34  Orbital Command  
  19  1:35  Barracks Reactor  
  19  1:38  Supply Depot  
  19  1:40  Refinery  
  19  2:00  SCV  
  20  2:12  Marine  
  20  2:13  Command Center  
  20  2:14  Marine  
  22  2:21  SCV  
  23  2:30  Factory  
  23  2:33  SCV  
  23  2:35  Marine  
  25  2:45  SCV  
  26  2:55  Marine  
  26  2:56  Marine  
  26  2:57  SCV  
  29  3:03  Supply Depot  
  29  3:09  SCV  
  30  3:15  Factory Tech Lab  
  30  3:20  Marine  
  30  3:23  Starport  
  30  3:24  Marine  
  32  3:27  Orbital Command  
  32  3:32  SCV  
  33  3:39  Siege Tank  
  36  3:46  SCV  
  37  3:49  Orbital Command  
  37  3:58  SCV  
  37  4:01  Medivac  
  40  4:07  Marine x2  
  42  4:11  SCV  
  42  4:14  Barracks  
  42  4:23  SCV  
  43  4:24  Marine  
  43  4:25  Marine  
  45  4:34  SCV  
  45  4:35  SCV  
  47  4:42  Medivac, Marine  
  47  4:43  Marine  
  51  4:46  SCV  
  51  4:47  SCV  
  51  4:51  Factory Reactor  
  53  4:57  Engineering Bay  
  53  4:58  SCV  
  54  5:01  Engineering Bay  
  54  5:09  Supply Depot  
  54  5:13  Supply Depot  
  54  5:30  SCV x2, Marine x2  
  54  5:31  Stimpack  
  58  5:35  Supply Depot  
  58  5:38  Marine, Supply Depot  
  58  5:42  SCV x2  
  61  5:48  Marine x2  
  53  5:56  SCV x2, Marine  
  56  6:02  Medivac x2  
  60  6:05  Factory Tech Lab  
  60  6:06  Marine x2  
  60  6:08  SCV  
  63  6:12  Barracks  
  63  6:13  Barracks, Supply Depot, Marine  
  63  6:16  SCV  
  63  6:17  Supply Depot  
  65  6:20  SCV  
  65  6:23  Marine x2  
  68  6:28  SCV  
  68  6:31  Marine  
  68  6:32  SCV  
  71  6:34  Medivac  
  71  6:35  Medivac  
  71  6:37  Terran Infantry Weapons Level 1, Terran Infantry Armor Level 1  
  75  6:41  SCV, Marine x2  
  75  6:43  Siege Tank  
  75  6:44  SCV  
  75  6:46  Supply Depot  
  82  6:49  Marine  
  82  6:53  SCV  
  84  6:59  Marine  
  84  7:13  SCV x2, Marine  
  79  7:15  Marine  
  79  7:18  Barracks Reactor  
  79  7:20  Barracks Reactor  
  79  7:23  Barracks  
  79  7:25  SCV x2  
  79  7:26  Barracks  
  79  7:28  Marine  
  82  7:31  Marine  
  82  7:33  Marine  
  82  7:35  Combat Shields  
  84  7:37  SCV x2  
  84  7:38  Medivac x2  
  90  7:46  Refinery, Marine  
  90  7:48  Refinery  
  90  7:49  Marine  
  90  7:51  Marine  
  92  7:54  Command Center, Marine x2  
  95  7:59  Siege Tank  
  95  8:00  Marine x2  
  95  8:04  Marine  
  101  8:07  Marine  
  101  8:08  SCV x2  
  101  8:09  Marine  
  101  8:12  Marine x2  
  106  8:18  Marine  
  106  8:19  Marine  
  110  8:24  Supply Depot  
  110  8:26  SCV x2, Marine x2  
  114  8:27  Barracks Reactor  
  114  8:29  Barracks Reactor, Supply Depot  
  114  8:31  Siege Tank  
  114  8:32  Marine x2  
  118  8:35  Supply Depot  
  118  8:45  SCV x2, Marine x5  
  125  8:49  Supply Depot  
  125  8:50  Medivac  
  125  8:52  Supply Depot  
  127  8:57  SCV x2  
  127  8:58  Marine x2  
  131  9:04  Siege Tank  
  128  9:29  Marine  
  128  9:30  Marine x4  
  112  9:42  Marine x4  
  112  9:45  Siege Tank, Medivac  
  119  9:46  Medivac, Marine x2  
  123  10:01  Marine x4  
  123  10:02  Marine x5  
  117  10:17  Siege Tank  
  117  10:21  Marine x3  
  113  10:22  Marine x5  
  113  10:25  Medivac  
  114  10:42  Orbital Command  
  114  10:47  Marine x7, Armory  
  114  10:48  Marine x4  
  114  10:49  Siege Tank  
  128  10:51  Concussive Shells  
  117  11:04  Marine  
  117  11:05  Marine x3  
  117  11:11  Marine x6  
  115  11:12  Marine  
  122  11:21  Siege Tank  
  122  11:22  Marine x2  
  122  11:23  Marine x2  
  122  11:24  Orbital Command  
  129  11:29  Marine x4  
  129  11:50  Marine  
  129  11:51  Marine  
  116  11:57  Marine x3  
  116  11:58  Marine  
  115  12:04  SCV x3  
  115  12:06  Marine x4  
  122  12:09  Medivac x2  
  122  12:11  Marine x3  
  122  12:15  Siege Tank, Marine  
  129  12:30  Marine x2  
  129  12:31  Marine x5  
  129  12:32  Marine x2  
  138  12:39  Medivac x2  
  138  12:41  Marine x2  
  144  12:48  Siege Tank, Marine x2  
  134  13:02  Marine x5  
  125  13:06  Marine x3  
  125  13:07  Marine x3  
  129  13:19  Marine  
  125  13:20  Marine  
  125  13:23  Marine x3  
  125  13:24  Marine  
  125  13:26  Terran Infantry Armor Level 2, Terran Infantry Weapons Level 2  
  130  13:28  Terran Vehicle Weapons Level 1  
  130  13:30  Siege Tank, Supply Depot  
  130  13:32  Marine x2  
  135  13:47  Marine x2  
  135  13:48  Marine  
  138  13:49  Marine  
  138  13:51  SCV  
  136  13:58  Marine  
  136  13:59  Marine x2  
  136  14:02  Siege Tank  
  141  14:07  Marine x3  
  133  14:23  Marine x4  
  126  14:33  Marine x3  
  126  14:34  Siege Tank  
  127  14:46  Marine x2  
  127  14:47  Marine  
  127  14:49  Marine  
  127  14:50  Marine x5  
  127  14:52  Marine x2  
  138  15:04  Marine x3  
  126  15:07  Marine  
  126  15:13  Marine x5  
  126  15:14  Marine  
  132  15:24  Marine  
  132  15:25  Marine x3  
  132  15:26  Marine  
  136  15:31  Marine  
  136  15:34  Marine x4  
  141  15:42  Marine x3  
  138  15:53  Marine x2  
  138  15:54  Marine x5  
  142  16:11  Marine x2  
  142  16:12  Marine x2  
  146  16:26  Marine  
  146  16:27  Marine x5  
  146  16:28  Siege Tank, Marine  
  156  16:52  Marine  
  156  16:53  Marine x4  
  154  16:54  SCV x3  
  124  17:19  Marine  
  124  17:20  Marine x6  
  124  17:21  Marine  
  124  17:22  Medivac  
  124  17:50  Command Center  
  124  18:00  Marine x2  
  124  18:01  Marine x2  
  128  18:14  Marine x3  
  128  18:15  Marine x2  
  133  18:20  Marine x2  
  133  18:21  Marine  
  114  18:52  Marine x3  
  98  18:56  Marine x3  
  98  18:57  Marine x3  
  98  18:59  Siege Tank  
  96  19:13  Marine x4  
  96  19:14  Marine  
  77  19:19  Marine x3  
Show
View Real Time Build Order
Export as new Build Order

Eudai Zerg - Winner!

Build Orders: Hatch First, Lurkers 

Get SALT Encoding   

  12  0:03  Drone  
  13  0:12  Overlord  
  13  0:17  Drone  
  14  0:31  Drone x2  
  17  0:35  Drone  
  17  0:55  Hatchery  
  17  0:56  Drone  
  17  1:00  Drone  
  18  1:10  Extractor  
  17  1:16  Spawning Pool  
  17  1:18  Drone  
  17  1:22  Drone  
  18  1:29  Drone  
  19  1:39  Overlord  
  19  1:56  Drone  
  20  2:02  Queen  
  20  2:07  Queen  
  24  2:11  Metabolic Boost  
  24  2:16  Drone x3  
  24  2:18  Drone  
  28  2:37  Hatchery  
  27  2:48  Lair  
  27  2:50  Drone x2  
  29  2:52  Drone  
  29  2:57  Overlord  
  30  3:01  Zergling x2  
  30  3:03  Zergling x2  
  32  3:06  Zergling x2  
  33  3:18  Drone x2  
  33  3:19  Drone x2  
  38  3:20  Drone x2  
  38  3:24  Drone  
  38  3:25  Drone  
  41  3:28  Drone  
  41  3:29  Drone  
  43  3:34  Drone  
  43  3:38  Baneling Nest  
  43  3:41  Extractor  
  42  3:48  Spine Crawler  
  40  3:57  Drone x2  
  40  3:58  Drone x2  
  40  4:01  Zergling x10  
  49  4:06  Overlord  
  49  4:07  Overlord  
  49  4:22  Centrifical Hooks  
  49  4:23  Queen  
  51  4:30  Drone  
  51  4:31  Hydralisk Den  
  51  4:32  Overlord  
  51  4:35  Drone x3  
  51  4:37  Queen  
  56  4:41  Drone  
  56  4:42  Drone  
  58  4:51  Pneumatized Carapace  
  58  4:53  Zergling x8  
  58  4:59  Queen, Drone x2, Extractor  
  65  5:00  Drone, Extractor  
  65  5:05  Drone x2  
  67  5:07  Drone x3  
  67  5:10  Baneling x5  
  70  5:14  Baneling  
  65  5:55  Zergling x12  
  65  5:56  Zergling x10  
  74  5:57  Overlord x4  
  74  5:58  Overlord x2  
  74  6:03  Lurker Den  
  73  6:06  Drone x2, Evolution Chamber  
  73  6:08  Evolution Chamber  
  73  6:09  Drone  
  73  6:11  Evolution Chamber  
  73  6:17  Drone  
  73  6:18  Drone x5  
  78  6:22  Extractor  
  78  6:23  Extractor  
  78  6:24  Drone, Spore Crawler  
  78  6:25  Drone, Spine Crawler  
  76  6:29  Spore Crawler  
  76  6:31  Drone x3  
  79  6:39  Zerg Missile Weapons Level 1, Infestation Pit, Zerg Melee Weapons Level 1, Zerg Ground Armor Level 1  
  78  6:43  Drone  
  78  6:44  Drone  
  80  6:54  Drone  
  80  6:55  Drone x2  
  80  6:56  Drone x3  
  80  6:57  Overlord x2  
  83  7:16  Queen  
  85  7:45  Drone x5  
  85  7:46  Drone x2  
  85  7:48  Hydralisk x5  
  85  7:49  Hydralisk x4  
  110  7:52  Hive  
  110  7:58  Hydralisk x2  
  114  8:12  Hydralisk x5  
  116  8:13  Hydralisk x3  
  130  8:25  Hatchery  
  129  8:37  Zerg Ground Armor Level 2, Hatchery, Zerg Melee Weapons Level 2, Zerg Missile Weapons Level 2  
  129  8:38  Hydralisk x2  
  129  8:39  Hydralisk  
  129  8:40  Overlord x3  
  129  8:41  Overlord  
  134  9:02  Baneling x6  
  134  9:03  Baneling x4  
  133  9:11  Extractor  
  133  9:15  Extractor  
  76  9:31  Hydralisk  
  76  9:32  Hydralisk x10  
  76  9:33  Hydralisk  
  76  9:38  Hydralisk x2  
  98  9:40  Zergling x2  
  98  9:41  Zergling x14  
  98  9:42  Zergling x4  
  98  9:45  Queen  
  114  9:49  Adrenal Glands  
  114  9:50  Zergling x2  
  107  10:00  Hydralisk x3  
  105  10:07  Hydralisk  
  105  10:08  Hydralisk x2  
  109  10:16  Queen x2  
  114  10:21  Drone x3, Burrow  
  114  10:22  Queen  
  118  10:30  Drone x3  
  117  10:41  Hydralisk  
  117  10:42  Hydralisk x5  
  123  10:43  Hydralisk x3  
  135  10:55  Hydralisk x2  
  135  10:56  Hydralisk x2  
  116  11:17  Lurker x3  
  98  11:54  Zergling x6  
  98  11:55  Zergling x24  
  98  11:56  Zergling x8  
  98  12:00  Zergling x2  
  98  12:01  Zergling x4  
  105  12:13  Drone  
  105  12:14  Queen  
  105  12:15  Drone  
  109  12:21  Baneling x2  
  109  12:22  Baneling x6  
  106  12:23  Baneling x5  
  106  12:24  Hydralisk x5, Zergling x2  
  106  12:25  Hydralisk x3  
  106  12:29  Zerg Missile Weapons Level 3, Zerg Melee Weapons Level 3  
  123  12:32  Zergling x2  
  124  12:44  Drone x2  
  124  12:45  Extractor x2  
  104  13:04  Hydralisk  
  104  13:05  Hydralisk x10  
  106  13:06  Hydralisk x3  
  106  13:07  Zergling x2  
  106  13:08  Zergling x12  
  106  13:09  Zergling x10  
  136  13:22  Hydralisk x5  
  136  13:23  Hydralisk  
  138  13:35  Drone  
  137  13:44  Drone x2  
  137  13:47  Zergling x8  
  137  13:48  Zergling x12  
  145  13:53  Zerg Ground Armor Level 3  
  146  13:58  Lurker x2  
  146  13:59  Lurker x3  
  146  14:01  Zergling x2  
  146  14:02  Zergling x18  
  157  14:03  Zergling x4  
  144  14:22  Baneling x6  
  144  14:23  Baneling x3  
  130  14:34  Viper x3  
  130  14:35  Viper  
  130  14:57  Lurker x4  
  130  14:58  Lurker  
  125  15:20  Zergling x6  
  125  15:21  Zergling x20  
  135  15:37  Spore Crawler  
  135  15:38  Spore Crawler  
  135  15:42  Spore Crawler x3  
  124  15:44  Spore Crawler  
  124  15:45  Spore Crawler  
  118  15:59  Hydralisk  
  118  16:00  Hydralisk x11  
  118  16:01  Hydralisk x11  
  164  16:05  Overlord x6  
  164  16:06  Overlord x4  
  158  16:57  Drone x10  
  141  17:17  Drone x3, Spawning Pool  
  141  17:18  Drone x6  
  149  17:35  Hatchery  
  148  17:39  Drone  
  148  17:42  Drone  
  150  18:06  Hatchery  
  149  18:14  Lair  
  149  18:16  Hydralisk x2  
  149  18:17  Hydralisk x6, Hatchery  
  149  18:18  Hydralisk x12  
  149  18:19  Hydralisk x5  
  174  19:21  Zergling x2  
  174  19:22  Zergling x20  
  174  19:23  Zergling x22  
Tags
 
Composition
Bio TankLurkers
Matchup
TvZ
Spawn Locations
Cross Positions
Add a new tag
Caveats
  • Supply blocks, unpowered buildings, or Contaminate may cause inaccurate times.
  • Supply counts are checked every 10 seconds.